cohdb
Replays
Latest Replays
All Replays
Popular Replays
Top Player Replays
Match Explorer
How It Works
Community
CoH3 Stats
Reddit
Sign in to upload your games and track your stats! →
Sign in with Steam
Match 43201555
Unlisted
Match 43201555
Overview
Messages
Build Orders
End
Kradschützen Motorcycle Team
Selects Italian Combined Arms Battlegroup
Selects Bersaglieri Squad
Bersaglieri Squad
Bersaglieri Squad
Bersaglieri Squad
Construct Light Support Kompanie
Selects Bersaglieri Bolster
Fire Support Elements
Flakvierling Half-track
Pak 38 Mechanized Group
Vehicle Survival Package
Selects Breda Model 30 Light Machine Guns
Pak 38 Anti-tank Gun Team
Construct Panzerarmee Kommand
Emergency Repair Kits
Panzer III L Medium Tank
Selects Semovente da 75/18 Assault Gun
Selects Carro Armato M13/40 Light Tank
Bersaglieri Squad
MG34 Team
Selects Pact of Steel
Walking Stuka Rocket Launcher
Armored Reserves
Rapid Advance
Advanced Optics
MrGlaucus
Discoverer
CastIronEnjoyer
[TOD7] Gandalfalex
0
0
Comments
sign in to comment!
No comments posted yet!